 Dungeon Crawl Stone Soup version 0.17-a0-1923-gc35365e (webtiles) character file.

72 derrpe the Digger (level 3, -15/26 HPs)
             Began as a Demigod Earth Elementalist on Sept 28, 2015.
             Demolished by an ogre
             ... wielding a +0 giant club
              (23 damage)
             ... on level 2 of the Dungeon.
             The game lasted 00:03:31 (2640 turns).

derrpe the Digger (Demigod Earth Elementalist)      Turns: 2640, Time: 00:03:31

Health: -15/26     AC:  2    Str: 11    XL:     3   Next: 82%
Magic:  9/9        EV: 12    Int: 21    God:
Gold:   61         SH:  0    Dex: 16    Spells: 1 memorised, 6 levels left

rFire  . . .     SeeInvis .     a - +1 hand axe (flame)
rCold  + . .     Clarity  .     i - +0 robe
rNeg   . . .     SustAt   +     (no shield)
rPois  .         Gourm    .     (no helmet)
rElec  .         Spirit   .     (no cloak)
rCorr  .         Warding  .     (no gloves)
rMut   .         Stasis   .     (no boots)
MR     .....                    (no amulet)
Stlth  +++.......               t - ring of stealth
                                m - ring of protection from cold

@: not resistant to hostile enchantments, fairly stealthy
A: high mp 1, sustain attributes
a: no special abilities


You were on level 2 of the Dungeon.
You were not hungry.

You visited 1 branch of the dungeon, and saw 3 of its levels.

You collected 61 gold pieces.

Inventory:

Hand weapons
 a - a +1 hand axe of flaming (weapon)
Missiles
 b - 127 stones (quivered)
 e - 33 sling bullets
Armour
 i - a +0 robe (worn)
Jewellery
 m - a ring of protection from cold (left hand)
 t - a ring of stealth (right hand)
Scrolls
 f - a scroll of remove curse {unknown}
 g - 3 scrolls of identify {unknown}
 j - a scroll of fog {unknown}
 l - 3 scrolls of blinking {unknown}
 n - a scroll of recharging {unknown}
 r - a scroll of enchant armour {unknown}
 w - a scroll of amnesia {unknown}
Potions
 h - a potion of cure mutation {unknown}
 k - 2 potions of agility {unknown}
 q - a potion of curing {unknown}
 s - a potion of degeneration {unknown}
 u - a potion of ambrosia {unknown}
Books
 c - a book of Geomancy

   Spells                             Type                      Level
   a - Sandblast                      Earth                        1
   b - Stoneskin                      Transmutation/Earth          2
   c - Passwall                       Transmutation/Earth          3
   d - Stone Arrow                    Conjuration/Earth            3
   e - Petrify                        Transmutation/Earth          4
   f - Lee's Rapid Deconstruction     Earth                        5
Comestibles
 d - a bread ration {@e1}
 o - a slice of pizza
 p - 6 fruits
 v - 4 chunks of flesh {@w0}


   Skills:
 - Level 1.7 Dodging
 - Level 1.7 Stealth
 + Level 2.5 Spellcasting
   Level 0.8 Transmutations
 * Level 3.9 Earth Magic


You had 6 spell levels left.
You knew the following spells:

 Your Spells              Type           Power        Failure   Level  Hunger
a - Sandblast             Erth           ###...       2%          1    None


Dungeon Overview and Level Annotations

Branches:
Dungeon (3/15)

Annotations:
D:3 Purgy


Innate Abilities, Weirdness & Mutations

You have an increased reservoir of magic (+10% MP).
Your attributes are resistant to harm.


Message History

Found a bubbling inky potion and 11 gold pieces.
Found a sparkling altar of Nemelex Xobeh.
Found a stone staircase leading down.
There is a stone staircase leading up here.
The ogre shouts!
The orc wizard shouts!
The orc wizard casts a spell at you. You resist with some effort.
The orc priest looks braver for a moment.
The ogre hits you with a giant club!
The orc wizard points at you and mumbles some strange words.
The magic dart hits you!
* * * LOW HITPOINT WARNING * * *
You climb upwards.
There is a stone staircase leading down here.
Unknown command.
You hit the ogre. You burn the ogre.
The ogre is moderately wounded.
The ogre hits you with a giant club!!
Ouch! That really hurt!
You die...

###########
#.........#
#.#######.#
###.#.....#.###
#...O.).......####
#....@)).........#
#..............#.#####
#........##...........
#(........#.#.....####
#####.#.###.#.........
#.#.# #.#.#.#.....
#.#.# #.#.#.#<....
#.#.# #.#.#.#.....
###.#.###.#...#.....


You could see an ogre.

Vanquished Creatures
  2 adders (D:2)
  An ooze (D:2)
  2 giant geckos
  A giant cockroach (D:1)
  4 hobgoblins (D:1)
  8 kobolds
  6 bats
  5 giant newts
  2 goblins (D:2)
  8 jackals (D:2)
  9 rats
48 creatures vanquished.

Notes
Turn   | Place    | Note
--------------------------------------------------------------
     0 | D:1      | derrpe the Demigod Earth Elementalist began the quest for the Orb.
     0 | D:1      | Reached XP level 1. HP: 14/14 MP: 5/5
   694 | D:1      | Reached skill level 3 in Earth Magic
   863 | D:1      | Reached XP level 2. HP: 18/20 MP: 7/7
  1577 | D:2      | Found a stormy altar of Qazlal.
  1739 | D:2      | Reached XP level 3. HP: 26/26 MP: 9/9
  1741 | D:2      | Found a faded altar to an unknown god.
  2636 | D:3      | Found a sparkling altar of Nemelex Xobeh.
  2636 | D:3      | Noticed Purgy
  2636 | D:3      | Noticed an ogre
  2639 | D:3      | Noticed an orc warrior
  2640 | D:2      | Demolished by an ogre

Vault maps used:
D:1:      scummos_arrival_simple_crosswalls, roderic_lattice_a
D:2:      lemuel_crystal_altar, ecumenical_altar_1
D:3:      forest_paths, nicolae_gozag_seed_capital, lemuel_crystal_altar,
          overflow_temple_1_default, first_bread, portal_sewer_entry_a,
          uniq_purgy

Action                   || total
-------------------------++-------
Melee: Hand axe          ||   114
 Stab: Sleeping          ||     8
  Eat: Chunk             ||     5
